 Dungeon Crawl Stone Soup version 0.25.1-2-g60ff931df9 (webtiles) character file.

Game seed: 4641897854628604534

198 Peloso the Shield-Bearer (level 5, -4/47 HPs)
             Began as a Minotaur Fighter on Aug 26, 2020.
             Killed by nerve-wracking pain
             ... invoked by an orc priest
              (13 damage)
             ... on level 3 of the Dungeon.
             The game lasted 00:03:55 (2055 turns).

Peloso the Shield-Bearer (Minotaur Fighter)         Turns: 2055, Time: 00:03:55

Health: -4/47      AC:  8    Str: 21    XL:     5   Next: 47%
Magic:  4/4        EV:  8    Int:  5    God:
Gold:   126        SH: 10    Dex: 10    Spells: 4/4 levels left

rFire    . . .     SeeInvis .   a - +1 long sword (flame)
rCold    . . .     Gourm    .   c - +0 kite shield
rNeg     . . .     Faith    .   b - +0 scale mail
rPois    .         Spirit   .   (helmet restricted)
rElec    .         Reflect  .   (no cloak)
rCorr    .         Harm     .   j - +0 pair of gloves
MR       .....                  (no boots)
Stlth    ..........             (no amulet)
HPRegen  0.15/turn              (no ring)
MPRegen  0.09/turn              (no ring)

@: no status effects
A: retaliatory headbutt, horns 2
a: no special abilities


You were on level 3 of the Dungeon.
You were hungry.

You visited 1 branch of the dungeon, and saw 3 of its levels.

You collected 126 gold pieces.

Inventory:

Hand Weapons
 a - a +1 long sword of flaming (weapon)
Armour
 b - a +0 scale mail (worn)
 c - a +0 kite shield (worn)
 j - a +0 pair of gloves (worn)
Scrolls
 e - 7 scrolls of identify
 k - 3 scrolls of remove curse
 n - a scroll of teleportation
Potions
 d - a potion of might
 h - a potion of cancellation
 l - a potion of haste
Comestibles
 f - 4 rations


   Skills:
 + Level 4.5 Fighting
 + Level 4.2 Long Blades
 + Level 4.7 Armour
 + Level 0.9 Dodging
 + Level 4.9 Shields


You had 4 spell levels left.
You didn't know any spells.
Your spell library was empty.

Dungeon Overview and Level Annotations

Branches:
Dungeon (3/15)

Altars:
Qazlal
Yredelemnul


Innate Abilities, Weirdness & Mutations

You reflexively headbutt those who attack you in melee.
You have a pair of horns on your head.


Message History

* * * LOW HITPOINT WARNING * * *
The orc priest looks braver for a moment.
Unknown command.
Okay, then.
You hit the orc priest but do no damage.
Your headbutt misses the orc priest. The orc priest closely misses you.
You riposte.
You closely miss the orc priest. Your headbutt misses the orc priest.
The orc priest barely misses you. You block the orc priest's attack.
Unknown command.
Your scale mail prevents you from hitting the orc priest.
Your headbutt misses the orc priest.
The orc priest hits you with a +0 flail!
* * * LOW HITPOINT WARNING * * *
You block the orc priest's attack.
Unknown command.
You feel better.
The orc priest calls down the wrath of Beogh upon you.
Pain shoots through your body!
You die...

##### #...## #....#
#.#..#
######.#..######
##...<..)........
..........#@.######
###########oo#
#S..# ###.# .. ...
S... ...#


You could see 2 orc priests and an adder.

Vanquished Creatures
  2 orc priests
  7 adders (D:2)
  An ooze (D:1)
  3 worms (D:2)
  2 dart slugs (D:1)
  A leopard gecko (D:1)
  6 orcs
  A ball python (D:1)
  2 giant cockroaches (D:1)
  3 goblins (D:1)
  5 hobgoblins
  4 jackals (D:2)
  6 bats
  4 frilled lizards (D:2)
  6 kobolds
  7 rats
60 creatures vanquished.

Notes
Turn   | Place    | Note
-------+----------+-------------------------------------------
     0 | D:1      | Peloso the Minotaur Fighter began the quest for the Orb.
     0 | D:1      | Reached XP level 1. HP: 19/19 MP: 0/0
   100 | D:1      | Reached XP level 2. HP: 27/27 MP: 1/1
   542 | D:1      | Reached XP level 3. HP: 33/33 MP: 2/2
   863 | D:2      | Found a stormy altar of Qazlal.
   878 | D:2      | Reached XP level 4. HP: 40/40 MP: 3/3
  1682 | D:2      | Reached XP level 5. HP: 47/47 MP: 4/4
  1756 | D:2      | Found a basalt altar of Yredelemnul.
  2054 | D:3      | HP: 2/47 [orc priest/+0 flail (8)]
  2055 | D:3      | Killed from afar by an orc priest

Illustrated notes

Levels and vault maps discovered:
D:1:      dpeg_arrival_simpleton_b, layout_basic
D:2:      minmay_spotlight, layout_loops_ring, grunt_qazlal_sundering,
          overflow_temple_1_default, first_ration, minmay_misc_feat_pillars
D:3:      layout_loops_ring, lemuel_round_altar, grunt_temple_overflow_opulence,
          amethyst_overflow_temple_binary, gammafunk_ghost_necromancy,
          kennysheep_pointless_box, uniq_robin

Skill      XL: |  1  2  3  4  5 |
---------------+----------------+-----
Shields        | 4 |  4.9
Armour         | 4 |  4.7
Fighting       | 4 |  4.5
Long Blades    | 3 4 |  4.2
Dodging        | |  0.9

Action                   |  1- 3 |  4- 6 || total
-------------------------+-------+-------++-------
Melee: Long sword        |    40 |    94 ||   134
       Headbutt          |    11 |    11 ||    22
  Use: Potion            |     2 |     1 ||     3
       Scroll            |     1 |     4 ||     5
  Eat: Chunk             |       |     3 ||     3
Armor: Scale mail        |    22 |    32 ||    54
Dodge: Dodged            |    11 |    26 ||    37
Block: Kite shield       |    23 |    52 ||    75
       Rpst.: Long sword |     3 |     9 ||    12
